Map: Orbital Shipyard

Players

capac - Winner!

  • Race: Terran Terran
  • League: Gold

Orbis

  • Race: Zerg Zerg
  • League: Gold

VOD

Have the link to the VOD?

Description

Time

  • Played on: March 3, 2016, 11:43 a.m.
  • Length: 6:48
Show
View Real Time Build Order
Export as new Build Order

capac Terran - Winner!

Build Orders:  

Get SALT Encoding   

  12  0:00  SCV  
  13  0:13  SCV  
  14  0:18  Supply Depot  
  14  0:25  SCV  
  15  0:40  SCV  
  15  0:42  Barracks  
  16  0:48  Refinery  
  16  0:52  SCV  
  17  1:04  SCV  
  18  1:16  SCV  
  19  1:28  SCV  
  20  1:33  Barracks Reactor  
  20  1:38  Command Center  
  20  1:40  SCV  
  20  1:46  Supply Depot  
  21  1:52  SCV  
  22  2:05  Orbital Command  
  22  2:10  Marine  
  24  2:17  Barracks  
  24  2:24  Refinery  
  25  2:32  Marine x2  
  25  2:50  Marine x2  
  25  2:51  Factory  
  27  2:54  SCV  
  27  2:56  Orbital Command  
  28  3:07  Barracks Tech Lab  
  28  3:08  Marine  
  28  3:10  Marine  
  30  3:13  SCV  
  31  3:24  SCV  
  32  3:28  Engineering Bay, Marine x2  
  32  3:33  Marine  
  35  3:38  Starport  
  35  3:44  SCV x2  
  35  3:46  Factory Reactor  
  37  3:50  Marine x2  
  39  3:55  Stimpack  
  39  3:56  Marine  
  39  3:58  SCV  
  39  4:00  SCV  
  42  4:04  Supply Depot  
  42  4:11  Marine x2  
  44  4:20  Barracks  
  44  4:21  Marine  
  45  4:28  SCV x2  
  45  4:30  Refinery  
  47  4:34  Supply Depot  
  47  4:35  Medivac x2  
  51  4:50  Terran Infantry Weapons Level 1  
  51  4:56  Supply Depot, Engineering Bay  
  51  4:57  Marine x3  
  54  5:02  SCV x2  
  56  5:14  Factory Tech Lab, Barracks Reactor  
  56  5:15  Liberator  
  56  5:20  SCV x2  
  58  5:21  Armory  
  58  5:31  Supply Depot  
  58  5:33  Marine x2  
  58  5:34  Marine  
  64  5:42  SCV x2  
  66  5:51  Marine x3  
  66  5:53  Supply Depot  
  69  6:12  Marine x3  
  69  6:18  Marine x2  
  75  6:19  SCV x2  
  79  6:31  SCV  
Show
View Real Time Build Order
Export as new Build Order

Orbis Zerg 

Build Orders: Hatch First 

Get SALT Encoding   

  12  0:01  Drone  
  13  0:12  Overlord  
  13  0:17  Drone  
  14  0:32  Drone x2  
  14  0:35  Drone  
  17  0:53  Hatchery  
  16  0:57  Drone  
  16  1:00  Drone  
  16  1:02  Extractor  
  17  1:06  Drone  
  18  1:25  Spawning Pool  
  17  1:26  Drone  
  18  1:35  Drone  
  18  1:38  Overlord  
  19  2:05  Drone  
  20  2:11  Queen  
  20  2:12  Queen  
  20  2:13  Metabolic Boost  
  24  2:17  Zergling x2  
  24  2:21  Zergling x2  
  26  2:27  Drone x3  
  26  2:29  Overlord  
  29  2:36  Drone  
  30  2:37  Drone  
  30  2:43  Drone  
  32  2:56  Drone x2  
  34  3:02  Drone  
  34  3:04  Drone  
  36  3:11  Roach Warren  
  35  3:16  Hatchery  
  34  3:24  Overlord  
  34  3:25  Drone x3  
  37  3:28  Drone  
  38  3:35  Drone x3  
  40  3:49  Baneling Nest  
  40  3:51  Lair  
  40  3:54  Drone x4  
  43  3:56  Overlord  
  43  4:06  Extractor  
  43  4:07  Zergling x10  
  47  4:16  Roach x2  
  51  4:22  Drone x2  
  53  4:32  Evolution Chamber  
  53  4:36  Evolution Chamber  
  51  4:41  Drone x7  
  51  4:42  Drone x2  
  60  4:49  Overlord  
  60  4:52  Overlord  
  61  5:07  Drone x3  
  61  5:09  Drone x5  
  68  5:14  Glial Reconstitution  
  68  5:18  Extractor  
  68  5:20  Drone x3  
  70  5:22  Overlord  
  70  5:31  Extractor, Drone x2  
  71  5:38  Hydralisk Den  
  70  5:49  Overlord x2  
  70  5:51  Zergling x10  
  70  5:52  Zergling x2  
  68  6:04  Zergling x8  
  63  6:14  Zergling x4  
  63  6:18  Spine Crawler x2  
  56  6:21  Spine Crawler  
  56  6:23  Spine Crawler  
  47  6:26  Baneling x4  
  45  6:34  Extractor  
  45  6:37  Extractor  
Tags
 
Add a new tag
Caveats
  • Supply blocks, unpowered buildings, or Contaminate may cause inaccurate times.
  • Supply counts are checked every 10 seconds.